 Dungeon Crawl Stone Soup version 0.20.1-1-g8b1a95d (webtiles) character file.

2555 vishdafish the Chopper (level 9, -1/69 HPs)
             Began as a Demonspawn Fighter on July 3, 2017.
             Was a Follower of Nemelex Xobeh.
             Slain by an ice beast (4 damage)
             ... on level 8 of the Dungeon.
             The game lasted 00:10:48 (7060 turns).

vishdafish the Chopper (Demonspawn Fighter)         Turns: 7060, Time: 00:10:49

Health: -1/69      AC: 12    Str: 20    XL:     9   Next: 31%
Magic:  11/11      EV:  7    Int:  9    God:    Nemelex Xobeh [*.....]
Gold:   586        SH: 10    Dex: 13    Spells: 8/8 levels left

rFire    + . .     SeeInvis .   a - +0 war axe
rCold    . . .     Gourm    .   c - +0 shield
rNeg     . . .     Faith    .   b - +0 scale mail
rPois    .         Spirit   .   (no helmet)
rElec    .         Reflect  .   y - +2 cloak
rCorr    .         Harm     .   (no gloves)
MR       .....                  (no boots)
Stlth    ..........             l - amulet of magic regeneration
Regen    0.3/turn               (no ring)
MPRegen  0.2/turn               (no ring)

@: no status effects
A: claws 2, molten scales 1, fire resistance 1, flame cloud immunity
a: Renounce Religion


You were on level 8 of the Dungeon.
You worshipped Nemelex Xobeh.
Nemelex Xobeh was aware of your devotion.
You were not hungry.

You visited 2 branches of the dungeon, and saw 9 of its levels.

You collected 586 gold pieces.

Inventory:

Hand Weapons
 a - a +0 war axe (weapon)
 P - a +3 hand axe of flaming
Armour
 b - a +0 scale mail (worn)
 c - a +0 shield (worn)
 y - a +2 cloak (worn)
Jewellery
 l - an amulet of magic regeneration (around neck)
 E - an uncursed ring of protection from cold {unknown}
Wands
 B - a wand of polymorph (11/24)
 D - a wand of polymorph (10/24)
 F - a wand of random effects (31/48)
 H - a wand of iceblast (6/15)
 M - a wand of paralysis (11/24)
 O - a wand of confusion (17/48)
 S - a wand of iceblast (4/15)
Scrolls
 d - 2 scrolls of teleportation {unknown}
 e - 2 scrolls of remove curse {unknown}
 h - a scroll of fear {unknown}
 i - 3 scrolls of recharging {unknown}
 m - a scroll of amnesia {unknown}
 n - 5 scrolls of identify {unknown}
 p - a scroll of blinking {unknown}
 q - a scroll of noise {unknown}
 r - 4 scrolls of enchant weapon {unknown}
 A - a scroll of magic mapping {unknown}
 I - a scroll of acquirement {unknown}
 J - a scroll of enchant armour {unknown}
 K - a scroll of random uselessness {unknown}
Potions
 j - a potion of mutation {unknown}
 k - 3 potions of heal wounds {unknown}
 o - a potion of agility {unknown}
 s - a potion of flight {unknown}
 u - a potion of berserk rage {unknown}
 v - a potion of resistance {unknown}
 w - 3 potions of curing
 x - 2 potions of cancellation {unknown}
 z - 3 potions of lignification {unknown}
 G - 2 potions of haste {unknown}
 R - a potion of brilliance {unknown}
Books
 N - a book of Changes

   Spells                             Type                      Level
   a - Beastly Appendage              Transmutation                1
   b - Sticks to Snakes               Transmutation                2
   c - Spider Form                    Transmutation/Poison         3
   d - Ice Form                       Ice/Transmutation            4
   e - Blade Hands                    Transmutation                5
Miscellaneous
 C - a plain deck of destruction {drawn: 9}
Comestibles
 f - 7 bread rations
 g - 5 meat rations
 t - 3 fruits
 L - 3 royal jellies


   Skills:
 + Level 6.2 Fighting
 * Level 7.4 Axes
 + Level 5.6 Armour
 - Level 0.1 Dodging
 + Level 5.7 Shields
 * Level 3.5 Invocations


You had 8 spell levels left.
You didn't know any spells.

Dungeon Overview and Level Annotations

Branches:
Dungeon (8/15)             Temple (1/1) D:4
   Lair: D:8-11

Altars:
Ashenzari
Cheibriados
Dithmenos
Elyvilon
Fedhas
Gozag
Hepliaklqana
Kikubaaqudgha
Makhleb
Nemelex Xobeh
Okawaru
Qazlal
Ru
Sif Muna
Trog
Uskayaw
Vehumet
Xom
Yredelemnul
Zin
The Shining One


Innate Abilities, Weirdness & Mutations

You have very sharp fingernails.
You are partially covered in molten scales. (AC +2)
Your flesh is heat resistant. (rF+)
You are immune to clouds of flame.


Message History

Okay, then.
Evoke which item? (* to show all) (? for menu, Esc to quit)
You draw a card...
It is Vitriol.
You have drawn Vitriol.
Press: ? - help, Shift-Dir - straight line, f - eye of devastation
Aim: an eye of devastation (moderately wounded, misshapen and mutated)
The glob of acid hits the eye of devastation.
The eye of devastation is splashed with acid.
The acid corrodes the eye of devastation!
The eye of devastation is heavily wounded.
Evoke which item? (* to show all) (? for menu, Esc to quit)
Okay, then.
Evoke which item? (* to show all) (? for menu, Esc to quit)
You draw a card...
It is Pain.
You have drawn Pain.
Press: ? - help, Shift-Dir - straight line, f/p - eye of devastation
Aim: an eye of devastation (heavily wounded, misshapen and mutated, covered in acid)
The eye of devastation easily resists.
The ice beast hits you.
You die...
Your body disappears without a glow.

#. #... ##...#
###Y).# ###.@G#
#...#.# #.###.#
#.# .#
##########.# .#
#.......##.# .#
##.#####.##.#
.#
###.....##.##.#
#.#
......#.....#.#
#.# #


You could see an eye of devastation and an ice beast.

Vanquished Creatures
  The ghost of Quirk the Sneak, a novice OpAs of Dithmenos (D:5)
  Grinder (D:6)
  Eustachio (D:6)
  Menkaure (D:4)
  An ice beast (D:8)
  A phantom (D:4)
  2 ogres
  A necrophage (D:6)
  Blork the orc (D:5)
  A big kobold (D:7)
  3 scorpions
  4 crimson imps
  A bullfrog zombie (D:7)
  4 hounds
  3 orc wizards
  5 orc priests
  A jelly (D:5)
  Crazy Yiuf (D:4)
  A centaur skeleton (D:5)
  3 worker ants
  Ijyb (D:4)
  A hound skeleton (D:8)
  11 gnolls
  6 adders
  3 shadow imps
  An adder zombie (D:5)
  An adder skeleton (D:4)
  5 worms
  3 dart slugs
  5 leopard geckos
  12 orcs
  10 giant cockroaches
  6 goblins
  7 hobgoblins
  6 jackals
  4 quokkas
  2 ball pythons
  8 bats
  4 frilled lizards
  A jackal skeleton (D:6)
  13 kobolds
  2 leopard gecko skeletons (D:5)
  9 rats
158 creatures vanquished.

Vanquished Creatures (collateral kills)
  An ogre (D:8)
1 creature vanquished.

Grand Total: 159 creatures vanquished

Notes
Turn   | Place    | Note
-------+----------+-------------------------------------------
     0 | D:1      | vishdafish the Demonspawn Fighter began the quest for the Orb.
     0 | D:1      | Reached XP level 1. HP: 18/18 MP: 1/1
   128 | D:1      | Gained mutation: Your flesh is heat resistant. (rF+) [demonic ancestry]
   128 | D:1      | Reached XP level 2. HP: 24/24 MP: 2/2
   212 | D:1      | Reached skill level 2 in Axes
   657 | D:1      | Gained mutation: You have sharp fingernails. [demonic ancestry]
   657 | D:1      | Reached XP level 3. HP: 16/29 MP: 3/3
  1687 | D:2      | Reached XP level 4. HP: 34/35 MP: 4/4
  1687 | D:2      | Reached skill level 3 in Axes
  1917 | D:2      | Found a faded altar of an unknown god.
  2403 | D:3      | Reached XP level 5. HP: 33/41 MP: 5/5
  2694 | D:3      | Found a glowing golden altar of the Shining One.
  3080 | D:4      | Noticed a phantom
  3116 | D:4      | Killed a phantom
  3412 | D:4      | Gained mutation: You have very sharp fingernails. [demonic ancestry]
  3412 | D:4      | Reached XP level 6. HP: 48/48 MP: 6/6
  3413 | D:4      | Found a shimmering altar of Xom.
  3725 | D:4      | Found a runed door.
  3729 | D:4      | Noticed Crazy Yiuf
  3738 | D:4      | Killed Crazy Yiuf
  3738 | D:4      | Reached skill level 4 in Axes
  3766 | D:4      | Noticed Ijyb
  3784 | D:4      | Killed Ijyb
  3785 | D:4      | Noticed Menkaure
  3798 | D:4      | Killed Menkaure
  3986 | D:4      | Found a staircase to the Ecumenical Temple.
  3995 | Temple   | Entered the Ecumenical Temple
  4346 | D:5      | Entered Level 5 of the Dungeon
  4363 | D:5      | Noticed Quirk's ghost (novice OpAs)
  4397 | D:5      | Killed Quirk's ghost
  4397 | D:5      | Reached skill level 5 in Axes
  4397 | D:5      | Gained mutation: You are partially covered in molten scales. (AC +2) [demonic ancestry]
  4397 | D:5      | Reached XP level 7. HP: 42/55 MP: 7/7
  4498 | D:5      | Noticed Blork the orc
  4511 | D:5      | Killed Blork the orc
  4584 | D:5      | Reached skill level 5 in Fighting
  4671 | D:5      | Gained mutation: You are immune to clouds of flame. [demonic ancestry]
  4671 | D:5      | Reached XP level 8. HP: 56/62 MP: 8/8
  4740 | D:5      | Found a deep blue altar of Sif Muna.
  4740 | D:5      | Found a sacrificial altar of Ru.
  4741 | D:5      | Found a glowing silver altar of Zin.
  4748 | D:5      | Found a hide-covered altar of Uskayaw.
  5196 | D:5      | Found a bloodstained altar of Trog.
  5562 | D:6      | Reached skill level 6 in Axes
  5651 | D:6      | Noticed Eustachio
  5688 | D:6      | Killed Eustachio
  5688 | D:6      | Reached skill level 5 in Armour
  5688 | D:6      | Reached skill level 5 in Shields
  5745 | D:6      | Found a sparkling altar of Nemelex Xobeh.
  5746 | D:6      | Found an opulent altar of Gozag.
  5753 | D:6      | Became a worshipper of Nemelex Xobeh the Trickster
  5848 | D:6      | Noticed Grinder
  5848 | D:6      | Paralysed by Grinder for 6 turns
  5857 | D:6      | Paralysed by Grinder for 4 turns
  5881 | D:6      | Killed Grinder
  5918 | D:6      | Received a gift from Nemelex Xobeh
  6070 | D:6      | Reached skill level 1 in Invocations
  6235 | D:7      | Reached XP level 9. HP: 60/69 MP: 10/10
  6243 | D:7      | Reached skill level 7 in Axes
  6423 | D:7      | Found a shadowy altar of Dithmenos.
  6471 | D:7      | Reached * piety under Nemelex Xobeh
  6730 | D:8      | Found a shattered altar of Ashenzari.
  6934 | D:8      | Found a radiant altar of Vehumet.
  7051 | D:8      | Noticed a two-headed ogre
  7052 | D:8      | Noticed an eye of devastation
  7052 | D:8      | a two-headed ogre changed into an eye of devastation
  7058 | D:8      | HP: 3/69 [disintegration (45)]
  7060 | D:8      | Slain by an ice beast

Skill      XL: |  1  2  3  4  5  6  7  8  9 |
---------------+----------------------------+-----
Axes           | 2 3 5 6 7 |  7.4
Shields        | 3 4 5 |  5.7
Armour         | 3 4 5 |  5.6
Fighting       | 4 5 6 |  6.2
Invocations    | 1 3 |  3.5
Dodging        | |  0.1

Action                   |  1- 3 |  4- 6 |  7- 9 || total
-------------------------+-------+-------+-------++-------
Melee: War axe           |   125 |   246 |   296 ||   667
Evoke: Deck              |       |       |     9 ||     9
  Use: Potion            |     2 |     1 |     1 ||     4
  Eat: Chunk             |     1 |    11 |     9 ||    21
Armor: Scale mail        |    61 |    85 |   143 ||   289
Dodge: Dodged            |    44 |    70 |    78 ||   192
Block: Shield            |    59 |   117 |   143 ||   319
